 Dungeon Crawl Stone Soup version 0.17.0-7-gfadd4cc (webtiles) character file.

44308 Britaniac the Nimble (level 14, -4/129 HPs)
             Began as a Naga Fighter on Nov 7, 2015.
             Was the Champion of Cheibriados.
             Slain by a death yak (24 damage)
             ... on level 7 of the Lair of Beasts on Nov 8, 2015.
             The game lasted 01:22:47 (25631 turns).

Britaniac the Nimble (Naga Fighter)                Turns: 25631, Time: 01:22:47

Health: -4/129     AC: 24    Str: 34      XL:     14   Next: 28%
Magic:  21/21      EV: 19    Int: 28      God:    Cheibriados [******]
Gold:   704        SH:  0    Dex: 25 (26) Spells: 2 memorised, 9 levels left

rFire  + + .     SeeInvis +     s - +10 great sword of Vuotzu {flame, rN+}
rCold  . . .     Clarity  .     d - +3 leather armour {rF+}
rNeg   + . .     SustAt   .     (shield currently unavailable)
rPois  +         Gourm    .     (no helmet)
rElec  .         Spirit   .     (no cloak)
rCorr  .         Warding  .     (no gloves)
rMut   .         Stasis   .     y - +2 naga barding
MR     +....                    (no amulet)
Stlth  ++++......               z - +3 ring of protection
                                I - ring of protection from fire

@: very slow, somewhat resistant to hostile enchantments, stealthy
A: stinger 1, iridescent scales 1, see invisible, deformed body, deterioration
1, poison resistance, slowness 2, slow metabolism 1, spit poison 2, constrict 1,
AC +4
a: Spit Poison, Bend Time, Temporal Distortion, Slouch, Step From Time, Renounce
Religion


You were on level 7 of the Lair of Beasts.
You worshipped Cheibriados.
Cheibriados was exalted by your worship.
You were not hungry.

You visited 2 branches of the dungeon, and saw 17 of its levels.
You also visited: Sewer.

You collected 996 gold pieces.
You spent 292 gold pieces at shops.

Inventory:

Hand Weapons
 q - a +1 falchion of holy wrath
 s - the +10 great sword of Vuotzu (weapon) {flame, rN+}
   (You took it off an orc on level 7 of the Dungeon)

   It has been specially enchanted to burn those struck by it, causing extra
   injury to most foes and up to half again as much damage against particularly
   susceptible opponents.
   Big, fiery blades are also staple armaments of hydra-hunters.
   It protects you from negative energy.
 F - a +0 triple sword
Missiles
 C - 9 tomahawks (quivered)
 W - 7 exploding tomahawks
Armour
 c - a +0 shield
 d - a +3 leather armour of fire resistance (worn)
 y - a +2 naga barding (worn)
 E - a +1 robe of the Archmagi
Rods
 B - a +1 lightning rod (14/14)
   (You found it on level 5 of the Lair of Beasts)
Jewellery
 z - a +3 ring of protection (right hand)
 I - a ring of protection from fire (left hand)
 S - an uncursed ring of sustain attributes
 X - an uncursed ring of flight
Wands
 p - a wand of digging (6)
 u - a wand of polymorph (8)
 R - a wand of cold (10)
Scrolls
 a - 3 scrolls of enchant weapon
 f - 14 scrolls of remove curse
 j - 8 scrolls of identify
 k - a scroll of teleportation
 r - 3 scrolls of blinking
 v - 6 scrolls of magic mapping
 A - a scroll of fear
 O - a scroll of enchant armour
 P - a scroll of amnesia
Potions
 g - 3 potions of agility
 h - 4 potions of brilliance
 i - 2 potions of might
 l - a potion of cure mutation
 o - 9 potions of curing
 w - a potion of flight
 J - 3 potions of resistance
 K - 2 potions of invisibility
 V - 3 potions of heal wounds
Books
 D - a book of Air

   Spells                             Type                      Level
   a - Shock                          Conjuration/Air              1
   b - Swiftness                      Charms/Air                   2
   c - Repel Missiles                 Charms/Air                   2
   d - Static Discharge               Conjuration/Air              3
   e - Lightning Bolt                 Conjuration/Air              5
 G - a book of Flames

   Spells                             Type                      Level
   a - Flame Tongue                   Conjuration/Fire             1
   b - Throw Flame                    Conjuration/Fire             2
   c - Conjure Flame                  Conjuration/Fire             3
   d - Inner Flame                    Hexes/Fire                   3
   e - Sticky Flame                   Conjuration/Fire             4
   f - Fireball                       Conjuration/Fire             5
 N - a book of Battle

   Spells                             Type                      Level
   a - Infusion                       Charms                       1
   b - Shroud of Golubria             Charms/Translocation         2
   c - Song of Slaying                Charms                       2
   d - Spectral Weapon                Hexes/Charms                 3
   e - Regeneration                   Charms/Necromancy            3
Comestibles
 b - 4 fruits
 e - 10 bread rations
 m - a slice of pizza
 n - 2 royal jellies
 t - 9 beef jerkies
 x - 6 meat rations
 H - 5 chunks of flesh


   Skills:
 + Level 9.2 Fighting
 + Level 9.7 Long Blades
 + Level 6.6 Armour
 * Level 11.7 Dodging
 + Level 4.9 Stealth
 + Level 6.7 Shields
 + Level 0.3 Spellcasting
 * Level 7.1 Translocations
 * Level 9.7 Invocations


You had 9 spell levels left.
You knew the following spells:

 Your Spells              Type           Power        Failure   Level  Hunger
a - Shroud of Golubria    Chrm/Tloc      ###.......   4%          2    ###....
b - Repel Missiles        Chrm/Air       #.....       17%         2    ###....


Dungeon Overview and Level Annotations

Branches:
Dungeon (10/15)            Temple (0/1) D:5            Lair (7/8) D:10
  Swamp (0/4) Lair:3        Snake (0/4) Lair:5
  Slime: Lair:6-8       Orc: D:9-12

Altars:
Cheibriados
Okawaru
Qazlal
Vehumet
Yredelemnul
Zin
The Shining One

Shops:
D:4 !*[*


Innate Abilities, Weirdness & Mutations

You cannot wear boots.
Your serpentine skin is tough (AC +4).
You have supernaturally acute eyesight.
Armour fits poorly on your strangely shaped body.
Your system is resistant to poisons.
You cover ground very slowly.
You have a slow metabolism.
You can spit poison.
You can use your snake-like lower body to constrict enemies.
Your tail ends in a poisonous barb.
You are partially covered in iridescent scales (AC +4).
Your body sometimes deteriorates upon taking damage.


Message History

* * * LOW HITPOINT WARNING * * *
The death yak completely misses you. The death yak closely misses you.
You hit the death yak. You burn the death yak.
You kill the death yak!
Cheibriados appreciates the change of pace.
The death yak completely misses you. The death yak closely misses you.
You hit the death yak. You burn the death yak.
You tail-slap the death yak, but do no damage.
The death yak is lightly wounded.
The death yak completely misses you.
The death yak gores you but does no damage.
You slash the death yak! You burn the death yak.
The death yak is lightly wounded.
The death yak closely misses you. The death yak completely misses you.
The death yak gores you!
* * * LOW HITPOINT WARNING * * *
You slash the death yak! You burn the death yak.
The death yak is moderately wounded.
The death yak gores you!!
You die...

##
#..P.##PP....(...........
#P......P.................
#..........#..........#...
#P...........###.....###..
....#...### #....P.#...
.####....####.....P.#..
##...#.#.....PP....
#............PP....
###@...........P....
#.YY†..#............
#.....####..........
##...## ##......... .....#
#.......... .....##
#.......... ..#PP.#
##......... ..#.....
##......... .## ....P#
#..........


You could see 2 death yaks.

Vanquished Creatures
  Erolcha (D:8)
  4 hydras
  The ghost of Alg the Geomancer, a novice DDEE of Makhleb (D:10)
  A catoblepas (Lair:3)
  4 death yaks (Lair:7)
  A hill giant (D:7)
  A cyclops (D:9)
  3 elephants (Lair:7)
  4 black mambas
  Psyche (D:10)
  14 spiny frogs
  8 komodo dragons
  2 fire drakes
  A spriggan druid (Lair:4)
  2 trolls (D:7)
  20 blink frogs
  2 wyverns
  52 yaks
  10 hippogriffs
  Menkaure (D:5)
  3 basilisks
  A swamp worm (Lair:3)
  14 water moccasins
  A wolf (Lair:4)
  10 porcupines
  An orc warrior (D:8)
  7 black bears
  3 ice beasts
  A wasp (D:9)
  5 phantoms
  4 sky beasts
  5 ogres
  5 centaurs
  12 crocodiles
  33 giant frogs
  Blork the orc (D:5)
  2 big kobolds
  A wyvern skeleton (D:10)
  21 killer bees
  5 scorpions
  4 crimson imps
  A quasit (D:5)
  7 wights
  6 jellies
  3 centaur zombies
  7 hounds
  6 orc priests
  3 giant frog skeletons
  A giant frog zombie (D:10)
  4 centaur skeletons
  10 iguanas
  8 orc wizards
  8 worker ants
  5 sheep (Lair:4)
  A hound zombie (D:10)
  4 worker ant zombies
  12 adders
  45 river rats
  A gnoll (D:8)
  2 shadow imps
  12 white imps (Lair:1)
  4 oozes
  2 adder zombies
  An adder skeleton (D:4)
  3 worms
  25 orcs
  6 bats
  7 giant cockroaches
  8 hobgoblins
  7 jackals
  25 kobolds
  7 quokkas
  2 ball pythons (Sewer)
  8 giant geckos
  5 giant newts
  8 goblins
  15 rats
  A fungus (D:1)
  2 plants (Lair:4)
554 creatures vanquished.

Vanquished Creatures (others)
  7 fungi
  11 plants
18 creatures vanquished.

Grand Total: 572 creatures vanquished

Notes
Turn   | Place    | Note
--------------------------------------------------------------
     0 | D:1      | Britaniac the Naga Fighter began the quest for the Orb.
     0 | D:1      | Reached XP level 1. HP: 21/21 MP: 1/1
   138 | D:1      | Reached XP level 2. HP: 17/28 MP: 2/2
   487 | D:1      | Reached skill level 1 in Dodging
   589 | D:1      | Reached XP level 3. HP: 34/34 MP: 3/3
  1769 | D:2      | Reached XP level 4. HP: 12/42 MP: 4/4
  3378 | D:4      | Found Abbuniti's Assorted Antiques.
  3397 | D:4      | Reached XP level 5. HP: 49/49 MP: 5/5
  3416 | D:4      | Reached XP level 6. HP: 22/56 MP: 6/6
  3713 | D:4      | Noticed an ogre
  3723 | D:4      | Killed an ogre
  4022 | D:4      | Found a basalt altar of Yredelemnul.
  4265 | D:4      | Reached XP level 7. HP: 63/63 MP: 7/7
  4288 | D:4      | Noticed a phantom
  4327 | D:4      | Killed a phantom
  4327 | D:4      | Reached skill level 4 in Fighting
  4455 | D:4      | Found Zeiry's Distillery.
  4464 | D:4      | Bought a potion of heal wounds for 65 gold pieces
  4464 | D:4      | Bought a potion of poison for 13 gold pieces
  4464 | D:4      | Bought 2 potions of heal wounds for 130 gold pieces
  4464 | D:4      | Bought a potion of mutation for 32 gold pieces
  4464 | D:4      | Bought a potion of curing for 39 gold pieces
  4464 | D:4      | Bought a potion of degeneration for 13 gold pieces
  4886 | D:4      | Found Mihi's Assorted Antiques.
  4921 | D:4      | Found Filoegu's Armour Boutique.
  5029 | D:5      | Entered Level 5 of the Dungeon
  5029 | D:5      | Noticed Menkaure
  5044 | D:5      | Killed Menkaure
  5279 | D:5      | Found a glowing golden altar of the Shining One.
  5280 | D:5      | Found a snail-covered altar of Cheibriados.
  5291 | D:5      | Became a worshipper of Cheibriados the Contemplative
  5325 | D:5      | Reached XP level 8. HP: 72/72 MP: 8/8
  5334 | D:5      | Found a glowing drain.
  5343 | Sewer    | Entered a sewer
  5652 | Sewer    | Reached * piety under Cheibriados
  5896 | D:5      | Reached skill level 1 in Invocations
  6240 | D:5      | Found a staircase to the Ecumenical Temple.
  6504 | D:5      | Noticed Blork the orc
  6517 | D:5      | Killed Blork the orc
  6832 | D:6      | Reached XP level 9. HP: 51/79 MP: 11/11
  7309 | D:6      | Reached ** piety under Cheibriados
  7503 | D:6      | Reached skill level 5 in Dodging
  7964 | D:7      | Reached skill level 5 in Shields
  7981 | D:7      | Found a large runed door.
  7982 | D:7      | Found a large runed door.
  8024 | D:7      | HP: 2/80 [troll (5)]
  8513 | D:7      | Reached skill level 5 in Armour
  8518 | D:7      | Reached skill level 5 in Fighting
  8735 | D:7      | Reached *** piety under Cheibriados
  9226 | D:7      | Found a radiant altar of Vehumet.
  9708 | D:7      | Found a large runed door.
  9708 | D:7      | Found a large runed door.
  9748 | D:7      | Reached skill level 6 in Dodging
  9769 | D:7      | Reached skill level 5 in Long Blades
  9953 | D:7      | Reached XP level 10. HP: 83/88 MP: 13/13
 10283 | D:7      | Noticed a hill giant
 10897 | D:8      | Reached skill level 5 in Invocations
 10901 | D:8      | Reached **** piety under Cheibriados
 10986 | D:8      | Reached skill level 7 in Dodging
 11351 | D:8      | Found a glowing silver altar of Zin.
 11351 | D:8      | Noticed an angel
 11400 | D:8      | Noticed Erolcha
 11901 | D:8      | HP: 1/91 [Erolcha/enchanted giant club (9)]
 11903 | D:8      | Killed Erolcha
 12652 | D:9      | Found an iron altar of Okawaru.
 12666 | D:9      | Reached XP level 11. HP: 74/97 MP: 15/15
 12677 | D:9      | Reached skill level 8 in Dodging
 12773 | D:9      | Found a stormy altar of Qazlal.
 13076 | D:9      | Learned a level 2 spell: Shroud of Golubria
 13318 | D:9      | Reached skill level 1 in Translocations
 14071 | D:10     | Entered Level 10 of the Dungeon
 14333 | D:10     | Noticed Alg's ghost (novice DDEE)
 14356 | D:10     | Noticed Psyche
 14364 | D:10     | Killed Psyche
 15025 | D:10     | Found a staircase to the Lair.
 15789 | D:7      | Got a steaming great sword {flame}
 15812 | D:7      | Identified the +10 great sword of Vuotzu {flame, rN+} (You took it off an orc on level 7 of the Dungeon)
 15832 | D:7      | Reached ***** piety under Cheibriados
 15888 | D:7      | Killed a hill giant
 16113 | D:9      | Reached skill level 9 in Dodging
 16433 | D:10     | Killed Alg's ghost
 16810 | Lair:1   | Entered Level 1 of the Lair of Beasts
 16858 | Lair:1   | Found a frozen archway.
 17291 | Lair:1   | Reached XP level 12. HP: 92/106 MP: 17/17
 17875 | Lair:1   | Got a jewelled leather armour
 17886 | Lair:1   | Identified the cursed +1 leather armour of the Purple Skies {+Inv rC+} (You found it on level 1 of the Lair of Beasts)
 18081 | Lair:1   | Noticed a seven-headed hydra
 18088 | Lair:1   | Killed a four-headed hydra
 18493 | Lair:2   | Reached skill level 10 in Dodging
 18620 | Lair:2   | Gained mutation: Your body sometimes deteriorates upon taking damage. [potion of mutation]
 18620 | Lair:2   | Gained mutation: You are partially covered in iridescent scales (AC +4). [potion of mutation]
 18620 | Lair:2   | Gained mutation: Your tail ends in a poisonous barb. [potion of mutation]
 18774 | Lair:2   | Got a scorched leather armour
 18775 | Lair:2   | Identified the +1 leather armour "Xizuo" {Str+3 Dex-2 Slay+6 Stlth+} (You found it on level 2 of the Lair of Beasts)
 20147 | Lair:3   | Found a staircase to the Swamp.
 20184 | Lair:3   | Reached skill level 1 in Stealth
 20410 | Lair:3   | Learned a level 2 spell: Repel Missiles
 20448 | Lair:3   | Reached skill level 5 in Translocations
 20456 | Lair:3   | Gained mutation: You can use your snake-like lower body to constrict enemies. [Naga growth]
 20456 | Lair:3   | Reached XP level 13. HP: 82/117 MP: 19/19
 20744 | Lair:3   | Noticed an eight-headed hydra
 20752 | Lair:3   | Killed a four-headed hydra
 20868 | Lair:2   | Reached ****** piety under Cheibriados
 21177 | Lair:3   | Reached skill level 11 in Dodging
 21744 | Lair:3   | Noticed a four-headed hydra
 21750 | Lair:3   | Killed a two-headed hydra
 22419 | Lair:4   | Found a radiant altar of Vehumet.
 23141 | Lair:5   | Found a staircase to the Snake Pit.
 24567 | Lair:6   | Upgraded the game from 0.17.0-1-g61d176b to 0.17.0-7-gfadd4cc
 24593 | Lair:6   | Reached XP level 14. HP: 127/127 MP: 21/21
 25631 | Lair:7   | Slain by a death yak

Action                   |  1- 3 |  4- 6 |  7- 9 | 10-12 | 13-15 || total
-------------------------+-------+-------+-------+-------+-------++-------
Melee: Long sword        |   146 |   130 |   401 |   527 |       ||  1204
       Great sword       |       |       |       |   278 |   301 ||   579
Throw: Tomahawk          |       |       |       |     1 |       ||     1
 Cast: Shroud of Golubri |       |       |       |     1 |       ||     1
Invok: Temporal Distorti |       |       |     2 |     1 |       ||     3
       Bend Time         |       |       |     1 |     2 |       ||     3
       Slouch            |       |       |       |     8 |     2 ||    10
 Abil: Spit Poison       |    28 |    29 |    51 |    79 |    35 ||   222
  Use: Scroll            |       |     1 |     7 |    16 |       ||    24
       Potion            |       |       |    10 |     7 |     1 ||    18
 Stab: Sleeping          |       |       |       |     5 |     5 ||    10
       Distracted        |       |       |       |     2 |     1 ||     3
  Eat: Chunk             |     3 |     8 |    14 |    24 |    11 ||    60
       Pizza             |       |       |     1 |       |     2 ||     3
       Beef jerky        |       |       |       |     1 |       ||     1
